 Dungeon Crawl Stone Soup version 0.19.5 (webtiles) character file.

42 GEVALT the Conjurer (level 3, -2/24 HPs)
             Began as a Human Fire Elementalist on Apr 12, 2017.
             Slain by a goblin
             ... wielding a +0 club
             ... led by Robin
              (3 damage)
             ... on level 1 of the Dungeon.
             The game lasted 00:10:37 (1115 turns).

GEVALT the Conjurer (Human Fire Elementalist)       Turns: 1115, Time: 00:10:37

Health: -2/24      AC:  4    Str:  8    XL:     3   Next: 77%
Magic:  1/6        EV: 12    Int: 16    God:
Gold:   60         SH:  0    Dex: 13    Spells: 1 memorised, 5 levels left

rFire  . . .     SeeInvis .     f - -3 short sword (curse)
rCold  . . .     Gourm    .     a - +0 robe
rNeg   . . .     Faith    .     (no shield)
rPois  .         Spirit   .     n - +0 helmet
rElec  .         Reflect  .     (no cloak)
rCorr  .         Harm     .     (no gloves)
MR     .....                    o - +0 pair of boots
Stlth  ++........               (no amulet)
                                (no ring)
                                (no ring)

@: very slightly contaminated
A: no striking features
a: no special abilities


You were on level 1 of the Dungeon.
You were not hungry.

You visited 1 branch of the dungeon, and saw 2 of its levels.

You collected 60 gold pieces.

Inventory:

Hand Weapons
 f - a cursed -3 short sword (weapon)
 i - a +0 whip
 l - a +0 dagger
Missiles
 p - 10 arrows
Armour
 a - a +0 robe (worn)
 d - a +0 robe
 n - a +0 helmet (worn)
 o - a +0 pair of boots (worn)
Scrolls
 e - 2 scrolls of identify {unknown}
 k - a scroll of amnesia {unknown}
 m - a scroll of teleportation {unknown}
Potions
 g - a potion of heal wounds {unknown}
 h - a potion of brilliance {unknown}
 q - a potion of magic {unknown}
Books
 b - a book of Flames

   Spells                             Type                      Level
   a - Flame Tongue                   Conjuration/Fire             1
   b - Throw Flame                    Conjuration/Fire             2
   c - Conjure Flame                  Conjuration/Fire             3
   d - Inner Flame                    Hexes/Fire                   3
   e - Sticky Flame                   Conjuration/Fire             4
   f - Fireball                       Conjuration/Fire             5
Comestibles
 c - 2 bread rations
 j - a meat ration
 r - 5 chunks of flesh


   Skills:
 - Level 0.2 Short Blades
 - Level 2.0 Dodging
 - Level 2.0 Stealth
 - Level 2.0 Spellcasting
 + Level 3.2 Conjurations
 - Level 3.0 Fire Magic


You had 5 spell levels left.
You knew the following spells:

 Your Spells              Type           Power        Failure   Level  Hunger
a - Flame Tongue          Conj/Fire      ##...        8%          1    #......


Dungeon Overview and Level Annotations

Branches:
Dungeon (2/15)

Altars:

Annotations:
D:2 Robin


Message History

* * * LOW HITPOINT WARNING * * *
Casting: Flame Tongue
Confirm with . or Enter, or press ? or * to list all spells.
Aiming: Flame Tongue
Press: ? - help, Shift-Dir - straight line, f/p - goblin
Aim: a goblin, wielding a dagger (heavily wounded)
The flame tongue hits the goblin.
You kill the goblin!
The goblin closely misses you. The goblin hits you with a club.
* * * LOW HITPOINT WARNING * * *
Casting: Flame Tongue
Confirm with . or Enter, or press ? or * to list all spells.
Aiming: Flame Tongue
Press: ? - help, Shift-Dir - straight line, f - goblin
Aim: a goblin, wielding a club You miscast Flame Tongue.
You are very lightly contaminated with residual magic.
You have a brief vision of globes of primordial fire.
The goblin misses you. The goblin hits you with a club.
You die...

##################
#g÷...............
##@g...............
###).)........#######
#.'...........#
##.#...........#
#..+...........#######
####...........##.....
#.....)......##.....
#............##.....
#............#######


You could see 2 goblins.

Vanquished Creatures
  A dart slug (D:1)
  A leopard gecko (D:1)
  3 giant cockroaches (D:1)
  7 goblins (D:1)
  6 hobgoblins (D:1)
  2 jackals (D:1)
  2 bats (D:1)
  3 frilled lizards (D:1)
  7 kobolds (D:1)
  3 rats (D:1)
35 creatures vanquished.

Notes
Turn   | Place    | Note
-------+----------+-------------------------------------------
     0 | D:1      | GEVALT the Human Fire Elementalist began the quest for the Orb.
     0 | D:1      | Reached XP level 1. HP: 13/13 MP: 3/3
    81 | D:1      | Reached XP level 2. HP: 11/19 MP: 1/5
   396 | D:1      | Reached XP level 3. HP: 17/24 MP: 0/6
  1039 | D:2      | Noticed Robin
  1114 | D:1      | HP: 1/24 [goblin/club[Robin] (4)]
  1115 | D:1      | Slain by a goblin

Skill      XL: |  1  2  3 |
---------------+----------+-----
Conjurations   | 2 3 |  3.2
Short Blades   | |  0.2
Dodging        | |  2.0
Stealth        | |  2.0
Spellcasting   | |  2.0
Fire Magic     | |  3.0

Action                   || total
-------------------------++-------
Melee: Unarmed           ||    18
       Short sword       ||    37
 Cast: Flame Tongue      ||    48
  Eat: Chunk             ||     2
Armor: Robe              ||    17
Dodge: Dodged            ||    55
